 Dungeon Crawl Stone Soup version 0.31-a0-1237-gabc64e778c (webtiles) character file.

Game seed: 3084831999151651476

16 gelatine the Trooper (level 2, 0/24 HPs)
             Began as a Demonspawn Fighter on Dec 16, 2023.
             Succumbed to a goblin's poison
             ... on level 1 of the Dungeon.
             The game lasted 00:00:58 (144 turns).

gelatine the Trooper (Demonspawn Fighter)            Turns: 144, Time: 00:00:58

Health: 0/24       AC:  7    Str: 16    XL:     2   Next: 37%
Magic:  2/2        EV:  9    Int:  8    God:
Gold:   12         SH:  4    Dex: 12    Spells: 1/1 levels left

rFire   . . .        a - +0 war axe
rCold   . . .        c - +0 buckler
rNeg    . . .        b - +0 scale mail
rPois   .            (no helmet)
rElec   .            (no cloak)
rCorr   .            e - +0 pair of gloves
SInv    .            (no boots)
Will    .....        (no amulet) Stlth
                     (no ring)
HPRegen 0.24/turn    (no ring)
MPRegen 0.08/turn

%: no passive effects
@: lethally poisoned (0 -> -4)
A: powered by pain 1
a: no special abilities


You were on level 1 of the Dungeon.
You visited 1 branch of the dungeon, and saw 1 of its levels.

You collected 12 gold pieces.

Inventory:

Hand Weapons
 a - a +0 war axe (weapon)
Armour
 b - a +0 scale mail (worn)
 c - a +0 buckler (worn)
 e - a +0 pair of gloves (worn)
Potions
 d - a potion of might


   Skills:
 * Level 3.2 Fighting
 + Level 1.9 Axes
 * Level 2.9 Armour
 * Level 0.2 Dodging
 * Level 2.9 Shields


You had one spell level left.
You didn't know any spells.
Your spell library was empty.

Dungeon Overview and Level Annotations

Branches:
Dungeon (1/15)

Altars:


Innate Abilities, Weirdness & Mutations

You sometimes gain a little power by taking damage.


Message History

An endoplasm comes into view.
The goblin closely misses you. You block the endoplasm's attack.
Unknown command.
The endoplasm quivers.
You hit the goblin.
The goblin is severely wounded.
You hit the endoplasm.
You kill the endoplasm!
You closely miss the kobold.
You feel very sick. The goblin hits you but does no damage.
You are lethally poisoned!
The kobold closely misses you.
You hit the goblin.
You kill the goblin!
You slash the rat!
You kill the rat!
You slash the kobold!
You kill the kobold!
You feel very sick.
The endoplasm jiggles.
You slash the endoplasm!
You kill the endoplasm!
* * * LOW HITPOINT WARNING * * *
You feel very sick.
Unknown command.
* * * LOW HITPOINT WARNING * * *
You feel sick.
Okay, then.
* * * LOW HITPOINT WARNING * * *
You feel sick.
A frilled lizard comes into view.
The endoplasm freezes you.
You are frozen.
* * * LOW HITPOINT WARNING * * *
There is an open door here.
The frilled lizard hisses angrily.
You hit the endoplasm.
The endoplasm is heavily wounded.
You die...

#. #.#######
##........ .........#
.........# .........#
......J†)# #@# ..#
#.## ## #.## #..# ~♣♣♣
#.##.#####.#
~~~♣♣###.##......l###
8~~~~^##.#####......##
~~~~♣♣♣#.# #.......#.
~....♣♣#.# #.....[....
###...♣#.#
#...........


You could see an endoplasm and a frilled lizard.

Vanquished Creatures
  3 endoplasms (D:1)
  A goblin (D:1)
  A hobgoblin (D:1)
  4 jackals (D:1)
  A frilled lizard (D:1)
  2 kobolds (D:1)
  2 rats (D:1)
14 creatures vanquished.

Notes
Turn   | Place    | Note
-------+----------+-------------------------------------------
     0 | D:1      | gelatine the Demonspawn Fighter began the quest for the
                  | Orb.
     0 | D:1      | Reached XP level 1. HP: 18/18 MP: 1/1
    84 | D:1      | Gained mutation: You sometimes gain a little power by
                  | taking damage. [demonic ancestry]
    84 | D:1      | Reached XP level 2. HP: 17/24 MP: 2/2
   144 | D:1      | Succumbed to a goblin's poison

Illustrated notes

Levels and vault maps discovered:
D:1:      sevenhm_arrival_forest_fort_small_5, layout_basic

Action                     || total
---------------------------++-------
  Melee: War axe           ||    32
 Armour: Scale mail        ||    35
  Dodge: Dodged            ||    17
  Block: Buckler           ||    12

Table legend: (Time is in decaauts)
 A = Elapsed time spent in this place.
 B = Non-inter-level travel time spent in this place.
 C = Inter-level travel time spent in this place.
 D = Time resting spent in this place.
 E = Time spent auto-exploring this place.
 F = Levels seen in this place.
 G = Mean time per level.
                   A        B        C        D        E       F      G
               +--------+--------+--------+--------+--------+-----+--------+
         Total |    162 |    162 |      0 |      0 |     85 |   1 |  162.0 |
       Dungeon |    162 |    162 |      0 |      0 |     85 |   1 |  162.0 |
               +--------+--------+--------+--------+--------+-----+--------+

Top non-repeatable levels by time:
     D:1: 162 daAuts
